 Dungeon Crawl Stone Soup version 0.24-a0-725-gf1a930fc54 (webtiles) character file.

Game seed: 2054392243643332609, levelgen mode: deterministic

54 Gynju the Firebug (level 3, -1/19 HPs)
             Began as a Deep Elf Fire Elementalist on Oct 1, 2019.
             Slain by an orc wizard
             ... wielding a +0 dagger
              (4 damage)
             ... on level 3 of the Dungeon.
             The game lasted 00:03:33 (2074 turns).

Gynju the Firebug (Deep Elf Fire Elementalist)      Turns: 2074, Time: 00:03:33

Health: -1/19      AC:  2    Str:  5    XL:     3   Next: 66%
Magic:  4/10       EV: 13    Int: 20    God:
Gold:   53         SH:  0    Dex: 15    Spells: 3/9 levels left

rFire    . . .     SeeInvis .   p - +1 flail (crush)
rCold    . . .     Gourm    .   (no shield)
rNeg     . . .     Faith    .   a - +0 robe
rPois    .         Spirit   .   (no helmet)
rElec    .         Reflect  .   (no cloak)
rCorr    .         Harm     .   (no gloves)
MR       .....                  (no boots)
Stlth    ++........             (no amulet)
HPRegen  0.06/turn              (no ring)
MPRegen  0.12/turn              (no ring)

@: no status effects
A: no striking features
a: no special abilities


You were on level 3 of the Dungeon.
You were not hungry.

You visited 1 branch of the dungeon, and saw 3 of its levels.

You collected 53 gold pieces.

Inventory:

Hand Weapons
 j - a +0 dagger
 p - a +1 flail of crushing (weapon)
Missiles
 d - 5 boomerangs (quivered)
Armour
 a - a +0 robe (worn)
Jewellery
 b - a cursed -2 ring of protection {unknown}
Wands
 l - a wand of iceblast (6)
Scrolls
 i - 3 scrolls of remove curse {unknown}
 m - a scroll of immolation {unknown}
 o - a scroll of enchant weapon {unknown}
Potions
 e - a potion of magic {unknown}
 f - a potion of heal wounds {unknown}
 g - a potion of cancellation {unknown}
 h - 3 potions of might {unknown}
 n - a potion of haste {unknown}
Comestibles
 c - 4 rations
 k - 2 chunks of flesh


   Skills:
 + Level 3.2 Dodging
 - Level 2.4 Stealth
 + Level 3.8 Spellcasting
 + Level 2.1 Conjurations
 + Level 3.8 Fire Magic


You had 3 spell levels left.
You knew the following spells:

 Your Spells              Type           Power        Failure   Level  Hunger
a - Flame Tongue          Conj/Fire      ###..        3%          1    None
b - Throw Flame           Conj/Fire      ###...       6%          2    ##.....
c - Conjure Flame         Conj/Fire      ###.....     12%         3    ###....

Your spell library contained the following spells:

 Spells                   Type           Power        Failure   Level  Hunger
 Inner Flame              Hex/Fire       ##......     19%         3    ###....
 Sticky Flame             Conj/Fire      ###.....     36%         4    ####...
 Fireball                 Conj/Fire      ###.......   71%         5    ######.


Dungeon Overview and Level Annotations

Branches:
Dungeon (3/15)

Altars:
Hepliaklqana


Message History

The orc wizard is severely wounded.
The orc wizard gestures wildly while chanting.
The orc wizard flickers and vanishes!
Deactivating autopickup; reactivate with Ctrl-A.
Casting: Flame Tongue (safe; 3% risk of failure)
Confirm with . or Enter, or press ? or * to list all spells.
Okay, then.
You barely miss something. Something hits you but does no damage.
You hear some strange, mumbled words.
A magic dart appears from out of thin air!
The magic dart hits you.
You barely miss something. Something hits you but does no damage.
You hear some strange, mumbled words.
A puff of flame appears from out of thin air!
The puff of flame hits you!
* * * LOW HITPOINT WARNING * * *
You miss something. Something hits you.
* * * LOW HITPOINT WARNING * * *
Something hits you.
You die...

###
#.##########.#
#☼{..........#
#.#@....####.#
#.#.##.####
#.#..<[...#
#.#######.#
#.#..S..#.#
#.#.##.##S#
#o#.##.##.#
#.#.##.##.#
#.#.##....#


There were no monsters in sight!

Vanquished Creatures
  An adder (D:3)
  A leopard gecko (D:2)
  2 orcs (D:3)
  2 giant cockroaches
  3 goblins (D:1)
  7 hobgoblins
  3 jackals (D:2)
  A ball python (D:2)
  6 bats
  5 frilled lizards
  7 kobolds
  3 rats
41 creatures vanquished.

Notes
Turn   | Place    | Note
-------+----------+-------------------------------------------
     0 | D:1      | Gynju the Deep Elf Fire Elementalist began the quest for
                  | the Orb.
     0 | D:1      | Reached XP level 1. HP: 10/10 MP: 6/6
   469 | D:1      | Reached XP level 2. HP: 15/15 MP: 6/8
   502 | D:1      | Learned a level 2 spell: Throw Flame
  1290 | D:2      | Reached XP level 3. HP: 19/19 MP: 8/10
  1515 | D:2      | Learned a level 3 spell: Conjure Flame
  1790 | D:2      | Found a hazy altar of Hepliaklqana.
  2074 | D:3      | Slain by an orc wizard

Levels and vault maps discovered:
D:1:      lightli_arrival_noodles, layout_loops_corners
D:2:      layout_basic, marbit_many_paths
D:3:      layout_basic, lemuel_coloured_pillars_altar, first_ration,
          gammafunk_ghost_split, okawaru_gym_becter

Skill      XL: |  1  2  3 |
---------------+----------+-----
Dodging        | 3 |  3.2
Conjurations   | 2 |  2.1
Stealth        | |  2.4
Spellcasting   | |  3.8
Fire Magic     | |  3.8

Action                   || total
-------------------------++-------
Melee: Dagger            ||     1
       Flail             ||     3
Throw: Boomerang         ||     4
 Cast: Flame Tongue      ||    72
       Conjure Flame     ||     2
  Eat: Chunk             ||     3
Armor: Robe              ||     8
Dodge: Dodged            ||    11

Table legend:
 A = Non-vault XP
 B = Vault XP
 C = Vault XP percentage of total XP
 D = Non-vault monster count
 E = Vault monster count
 F = Vault count percentage of total count
                 A         B        C        D         E       F
            +---------+---------+-------+---------+---------+-------
      Total |      77 |       1 |   1.3 |      40 |       1 |   2.4
            +---------+---------+-------+---------+---------+-------
        D:1 |      31 |       0 |   0.0 |      21 |       0 |   0.0
        D:2 |      27 |       1 |   3.6 |      16 |       1 |   5.9
        D:3 |      19 |       0 |   0.0 |       3 |       0 |   0.0
            +---------+---------+-------+---------+---------+-------
